 Dungeon Crawl Stone Soup version 0.17-a0-2064-g265a032 (webtiles) character file.

2587 MDvedh the Grappler (level 9, -20/82 (83) HPs)
             Began as a Troll Chaos Knight on Oct 12, 2015.
             Demolished by Erolcha
             ... wielding a +0 giant club
              (26 damage)
             ... on level 7 of the Dungeon.
             The game lasted 00:10:07 (4082 turns).

MDvedh the Grappler (Troll Chaos Knight)            Turns: 4082, Time: 00:10:07

HP:   -20/82 (83)   AC:  7    Str: 25    XL:     9   Next: 32%
MP:   17/17         EV: 12    Int: 10    God:    Xom [.*....]
Gold: 286           SH:  0    Dex:  9    Spells: 0 memorised, 8 levels left

rFire  + . .     SeeInvis .       - Unarmed
rCold  . . .     Clarity  .     a - +2 robe
rNeg   . . .     SustAt   .     (no shield)
rPois  +         Gourm    +     (helmet restricted)
rElec  .         Spirit   .     B - +0 cloak
rCorr  .         Warding  .     (gloves unavailable)
rMut   .         Stasis   .     (boots unavailable)
MR     .....                    c - amulet of rage
Stlth  +.........               (no ring)
                                t - ring of magical power

@: drained, not resistant to hostile enchantments, very unstealthy
A: unfitting armour, claws 3, blurry vision 1, clever 1, deformed body, fire
resistance 1, fast metabolism 3, frail 1, gourmand, poison resistance,
regeneration 2, shaggy fur 1, tough skin 2
a: Renounce Religion, Evoke Berserk Rage


You were on level 7 of the Dungeon.
You worshipped Xom.
You were a plaything of Xom.
You were not hungry.

You visited 1 branch of the dungeon, and saw 8 of its levels.

You collected 428 gold pieces.
You spent 142 gold pieces at shops.

Inventory:

Armour
 a - a +2 robe (worn)
 B - a +0 cloak (worn)
Jewellery
 c - an amulet of rage (around neck)
 j - an uncursed ring of teleportation
 t - a ring of magical power (left claw)
Wands
 d - a wand of magic darts (13)
 o - a wand of paralysis (17)
 q - a wand of slowing (7)
 u - a wand of paralysis (9)
 y - a wand of frost (29)
Scrolls
 f - 2 scrolls of fear
 n - a scroll of amnesia
 s - a scroll of enchant armour
 v - a scroll of remove curse
 A - 2 scrolls of identify
 C - a scroll of recharging {unknown}
Potions
 e - a potion of heal wounds
 h - 2 potions of agility
 l - 4 potions of curing
 m - a potion of ambrosia {unknown}
 p - 2 potions of lignification
 r - a potion of might {unknown}
 x - a potion of mutation {unknown}
Comestibles
 b - 4 bread rations
 g - 2 beef jerkies
 i - 3 meat rations
 k - 2 royal jellies
 w - 4 fruits
 z - a slice of pizza


   Skills:
 + Level 7.3(6.7) Fighting
 + Level 7.2(6.6) Dodging
 + Level 11.1(10.4) Unarmed Combat


You had 8 spell levels left.
You didn't know any spells.

Dungeon Overview and Level Annotations

Branches:
Dungeon (8/15)             Temple (0/1) D:7
   Lair: D:8-11

Altars:
Ashenzari
Cheibriados
Makhleb
Okawaru
Qazlal
Ru
Sif Muna
Vehumet
Xom

Shops:
D:4 ?}

Annotations:
D:7 Erolcha


Innate Abilities, Weirdness & Mutations

You are too large for most types of armour.
You have claws for hands.
Your metabolism is lightning-fast.
You like to eat raw meat.
You heal very quickly.
You are covered in fur (AC +1).
You have very tough skin (AC +2).
Scrolls take you a little longer to read.
Your mind is acute. (Int +2)
Armour fits poorly on your strangely shaped body.
Your flesh is heat resistant.
You are frail (-10% HP).
Your system is resistant to poisons.


Message History

Erolcha mumbles some strange words.
Erolcha seems to speed up.
You claw Erolcha!
Erolcha is heavily wounded.
Erolcha hits you with a giant club!
You claw Erolcha!
Erolcha is heavily wounded.
Erolcha hits you with a giant club!!
* * * LOW HITPOINT WARNING * * *
A shower of butterflies erupts from you!
You are too injured to fight recklessly!
You are too injured to fight recklessly!
You are too injured to fight recklessly!
You are too injured to fight recklessly!
You are too injured to fight recklessly!
You claw Erolcha!
Erolcha is severely wounded.
Erolcha hits you with a giant club!!
You die...
Xom is highly amused!

#...........#.##
##.............##
######..............#
#...................##
.§≈≈.................#
≈≈≈≈≈)...............#
≈≈§≈≈≈.....).........#
§§>≈≈≈#....[...bbO...#
≈≈≈§≈≈#.##.[....@....#
≈≈§≈≈..###...........#
.≈§§...###......b....#
##.#..###............#
######### .....##
#...........## ##...[....
.##.##
#...........####.........
.#.##
#............##....>.....
.)##
#..........#..#..........
.)#
#..........##............


You could see Erolcha.

Vanquished Creatures
  Menkaure (D:7)
  Edmund (D:6)
  Duvessa (D:6)
  2 ice beasts
  2 black bears
  A centaur (D:6)
  3 ogres
  A phantom (D:7)
  A scorpion (D:6)
  Dowan (D:6)
  5 wights (D:7)
  2 hounds
  4 crimson imps
  A giant frog skeleton (D:5)
  4 orc wizards
  2 orc priests
  A worker ant (D:7)
  An iguana (D:5)
  A mummy (D:6)
  A worker ant zombie (D:3)
  4 gnolls (D:4)
  7 adders
  An ooze (D:2)
  An adder skeleton (D:7)
  4 worms
  2 giant geckos
  15 orcs
  2 giant cockroaches
  5 goblins
  6 hobgoblins
  12 jackals
  A kobold (D:2)
  2 bats
  A giant gecko skeleton (D:7)
  4 giant newts
  3 quokkas
  2 quokka skeletons (D:6)
  6 rats
114 creatures vanquished.

Notes
Turn   | Place    | Note
--------------------------------------------------------------
     0 | D:1      | MDvedh the Troll Chaos Knight began the quest for the Orb.
     0 | D:1      | Reached XP level 1. HP: 22/22 MP: 0/0
    15 | D:1      | You fall through a shaft!
   212 | D:2      | Reached XP level 2. HP: 29/29 MP: 1/1
   214 | D:2      | XOM: harmless Conj miscast
   371 | D:2      | Reached skill level 4 in Unarmed Combat
   591 | D:3      | XOM: stealth player
   631 | D:3      | Reached XP level 3. HP: 36/36 MP: 2/2
   812 | D:3      | XOM: divination: detect items
   852 | D:3      | Reached skill level 5 in Unarmed Combat
   852 | D:3      | Reached XP level 4. HP: 44/44 MP: 3/3
   871 | D:3      | XOM: harmless Pois miscast
  1183 | D:4      | Found Sicym's Gadget Shoppe.
  1244 | D:4      | XOM: harmless Air miscast
  1266 | D:4      | XOM: enchant monster (good)
  1290 | D:4      | Found a stormy altar of Qazlal.
  1445 | D:4      | Found Ynwadab's Magic Scroll Shoppe.
  1450 | D:4      | Bought 3 scrolls of identify for 66 gold pieces
  1450 | D:4      | Bought a scroll of fear for 38 gold pieces
  1450 | D:4      | Bought a scroll of amnesia for 38 gold pieces
  1711 | D:4      | Reached XP level 5. HP: 48/50 MP: 4/4
  1737 | D:4      | Reached skill level 6 in Unarmed Combat
  1746 | D:4      | XOM: noise
  1813 | D:4      | XOM: harmless Air miscast
  1825 | D:4      | Found a burning altar of Makhleb.
  1826 | D:4      | Found a shimmering altar of Xom.
  1855 | D:4      | XOM: mild Necr miscast
  1918 | D:5      | Entered Level 5 of the Dungeon
  1969 | D:5      | Noticed an ogre
  1978 | D:5      | Killed an ogre
  1978 | D:5      | Reached XP level 6. HP: 42/58 MP: 5/5
  1979 | D:5      | Gained mutation: Your system is resistant to poisons. [potion of beneficial mutation]
  1980 | D:5      | Gained mutation: Your flesh is heat resistant. [potion of beneficial mutation]
  2091 | D:5      | Noticed an ice beast
  2092 | D:5      | XOM: enchant monster (bad)
  2099 | D:5      | Killed an ice beast
  2099 | D:5      | Reached skill level 7 in Unarmed Combat
  2461 | D:5      | XOM: god gift: 57 gold pieces
  2500 | D:5      | XOM: medium Erth miscast
  2507 | D:5      | Reached XP level 7. HP: 53/65 MP: 6/6
  2509 | D:5      | Reached skill level 10 in Unarmed Combat
  2509 | D:5      | Reached XP level 8. HP: 60/83 MP: 7/7
  2591 | D:5      | Found a radiant altar of Vehumet.
  2671 | D:6      | Noticed Edmund
  2676 | D:6      | Killed Edmund
  2748 | D:6      | Noticed Duvessa
  2752 | D:6      | Noticed Dowan
  2763 | D:6      | Killed Dowan
  2767 | D:6      | Killed Duvessa
  2792 | D:6      | Found a shattered altar of Ashenzari.
  2928 | D:6      | XOM: swap monsters
  2993 | D:6      | XOM: give mutations
  2993 | D:6      | Gained mutation: Scrolls take you a little longer to read. [Xom's mischief]
  2993 | D:6      | Gained mutation: Armour fits poorly on your strangely shaped body. [Xom's mischief]
  2993 | D:6      | Gained mutation: Your mind is acute. (Int +2) [Xom's mischief]
  2993 | D:6      | Gained mutation: You are frail (-10% HP). [Xom's mischief]
  3008 | D:6      | Found a radiant altar of Vehumet.
  3214 | D:6      | Found a snail-covered altar of Cheibriados.
  3422 | D:7      | Noticed Menkaure
  3428 | D:7      | Killed Menkaure
  3428 | D:7      | Reached XP level 9. HP: 42/82 MP: 8/8
  3476 | D:7      | Found a staircase to the Ecumenical Temple.
  3551 | D:7      | Found a sacrificial altar of Ru.
  3563 | D:7      | Found a deep blue altar of Sif Muna.
  3654 | D:7      | Reached skill level 11 in Unarmed Combat
  3701 | D:7      | Found an iron altar of Okawaru.
  3877 | D:7      | XOM: harmless Ice miscast
  3912 | D:7      | XOM: blink monster(s)
  4069 | D:8      | XOM: noise
  4069 | D:8      | Noticed Erolcha
  4073 | D:8      | XOM: summons friendly shadow imp
  4081 | D:7      | XOM: butterfly on damage
  4082 | D:7      | Demolished by Erolcha

Vault maps used:
D:1:      lightli_arrival_lavapool, minmay_quantized
D:2:      nicolae_underground_beach
D:4:      grunt_temple_overflow_champion_of_chaos, overflow_temple_1_default,
          serial_shops, shop, kennysheep_little_box, minmay_misc_feat_diagonals,
          kennysheep_minor_cross, minmay_misc_feat_tiny
D:5:      first_bread, kennysheep_flooded_box
D:6:      ashenzari_altar_1, lemuel_crystal_altar, slow_altar_1, uniq_edmund,
          uniq_duvessa
D:7:      okawaru_metal_pillars_3, amethyst_overflow_temple_binary,
          minmay_temple_entry_mist, uniq_menkaure
D:8:      grunt_lair_entry_elf_guard_hut, serial_shops, shop, the_bakery,
          roderic_batcave, grunt_decor_fettered,
          nicolae_ru_the_path_less_chosen, uniq_erolcha

Action                   |  1- 3 |  4- 6 |  7- 9 || total
-------------------------+-------+-------+-------++-------
Melee: Unarmed           |    86 |   129 |   135 ||   350
  Use: Scroll            |       |     5 |     4 ||     9
       Potion            |       |     3 |     1 ||     4
 Stab: Sleeping          |     2 |     1 |       ||     3
  Eat: Meat ration       |     1 |       |       ||     1
       Chunk             |     8 |    12 |    10 ||    30
